Map: Jagannatha LE

Players

nanO

  • Race: Protoss Protoss

Erik - Winner!

  • Race: Zerg Zerg

Event: DreamHack SC2 Masters 2021 Fall

VOD

Have the link to the VOD?

Description

Time

  • Played on: July 29, 2021, 4:05 p.m.
  • Length: 6:25

All games in this series

Show
View Real Time Build Order
Export as new Build Order

nanO Protoss 

Build Orders:  

Get SALT Encoding   

  12  0:00  Probe  
  13  0:12  Probe  
  14  0:19  Pylon  
  14  0:24  Probe  
  15  0:37  Probe (Chrono Boost)  
  15  0:41  Gateway  
  16  0:47  Probe (Chrono Boost)  
  17  0:52  Assimilator, Probe (Chrono Boost)  
  18  1:04  Probe  
  19  1:16  Probe  
  20  1:24  Gateway  
  20  1:25  Pylon  
  20  1:29  Zealot (Chrono Boost)  
  22  1:43  Cybernetics Core  
  22  1:47  Probe  
  23  1:56  Zealot  
  25  2:03  Assimilator  
  25  2:07  Probe  
  26  2:19  Probe  
  26  2:20  Adept  
  29  2:25  Adept  
  31  2:36  Probe  
  30  2:48  Probe  
  30  2:49  Warp Gate  
  31  3:04  Nexus  
  31  3:11  Pylon  
  31  3:21  Twilight Council  
  31  3:29  Probe  
  32  3:42  Probe  
  32  3:46  Robotics Facility  
  29  3:53  Resonating Glaives (Chrono Boost)  
  29  3:54  Probe  
  30  3:56  Adept x2  
  34  4:06  Probe  
  35  4:11  Pylon  
  35  4:18  Gateway  
  35  4:19  Probe  
  35  4:31  Probe  
  35  4:34  Warp Prism  
  37  4:41  Adept  
  37  4:43  Gateway  
  39  4:48  Adept  
  39  4:50  Probe  
  39  4:52  Probe  
  43  5:02  Probe  
  43  5:04  Adept, Probe  
  47  5:07  Pylon  
  47  5:09  Adept  
  49  5:16  Zealot  
  49  5:19  Probe x2  
  53  5:23  Pylon  
  53  5:31  Probe  
  55  5:35  Probe  
  55  5:37  Adept x3  
  55  5:38  Adept  
  63  5:43  Probe  
  64  6:03  Adept x4  
  66  6:04  Probe  
  66  6:05  Probe  
  62  6:12  Pylon  
Show
View Real Time Build Order
Export as new Build Order

Erik Zerg - Winner!

Build Orders: Pool First 

Get SALT Encoding   

  12  0:00  Drone  
  13  0:08  Drone  
  14  0:15  Extractor  
  14  0:16  Drone  
  15  0:29  Spawning Pool  
  15  0:34  Extractor  
  15  0:35  Drone  
  14  0:42  Overlord  
  15  1:01  Drone  
  16  1:09  Hatchery  
  15  1:16  Zergling x4  
  17  1:19  Zergling x2  
  18  1:28  Drone  
  19  1:44  Hatchery  
  18  1:47  Drone  
  18  1:51  Drone  
  21  1:58  Hatchery  
  20  2:03  Drone  
  20  2:07  Extractor  
  20  2:17  Drone  
  20  2:33  Drone x2  
  20  2:42  Overlord  
  20  2:55  Queen  
  20  2:56  Queen  
  20  2:57  Zergling x2  
  20  2:58  Zergling x2  
  27  3:08  Drone x2  
  29  3:14  Hatchery  
  29  3:15  Metabolic Boost  
  29  3:17  Drone  
  29  3:18  Drone  
  30  3:25  Extractor  
  30  3:27  Zergling x2  
  30  3:29  Zergling x2  
  30  3:33  Extractor  
  30  3:35  Queen  
  30  3:39  Drone  
  30  3:40  Drone  
  34  3:46  Drone  
  33  3:51  Drone  
  34  3:58  Overlord  
  34  4:00  Drone  
  35  4:10  Overlord  
  35  4:11  Overlord  
  35  4:19  Drone x5  
  39  4:24  Extractor  
  39  4:27  Drone x3  
  39  4:30  Queen  
  41  4:40  Roach Warren  
  41  4:44  Drone x2  
  42  4:50  Drone x3  
  45  4:56  Drone  
  45  4:57  Drone  
  45  4:58  Drone x2  
  49  5:02  Zergling x4  
  49  5:03  Zergling x2  
  52  5:09  Overlord  
  52  5:14  Extractor  
  51  5:15  Overlord  
  51  5:22  Roach x4  
  51  5:27  Zergling x2  
  51  5:28  Zergling x6  
  62  5:30  Zergling x2  
  62  5:32  Zergling x2  
  65  5:41  Zergling x6  
  68  5:46  Ravager x4  
  72  5:53  Roach x3  
  72  5:54  Zergling x2  
  72  5:55  Zergling x6  
  79  6:02  Zergling x2  
  79  6:03  Zergling x8  

Tags
 
Add a new tag
Caveats
  • Supply blocks, unpowered buildings, or Contaminate may cause inaccurate times.
  • Supply counts are checked every 10 seconds.